 Dungeon Crawl Stone Soup version 0.30-a0-358-g0d69a1922f (webtiles) character file.

Game seed: 14736902103451234190

295 MrRokkomies the Slasher (level 6, -7/56 HPs)
             Began as a Meteoran Cinder Acolyte on Nov 11, 2022.
             Was a High Priest of Ignis.
             Mangled by Pikel
             ... wielding a +2 whip of electrocution
              (12 damage)
             ... on level 4 of the Dungeon.
             The game lasted 00:06:18 (1789 turns).

MrRokkomies the Slasher (Meteoran Cinder Acolyte)   Turns: 1789, Time: 00:06:18

Health: -7/56      AC: 16    Str: 16    XL:     6   Next: 93%
Magic:  9/9        EV: 10    Int: 15    God:    Ignis [*****.]
Gold:   91         SH:  0    Dex: 12    Spells: 5/7 levels left

rFire   + . .      SeeInvis .    a - +0 falchion (flame)
rCold   . . .      Faith    .    (no shield)
rNeg    . . .      Spirit   .    i - +0 scale mail
rPois   .          Reflect  .    n - +2 helmet
rElec   .          Harm     .    (no cloak)
rCorr   .          Rampage  .    (no gloves)
Will    +....                    (no boots)
Stlth   ..........               k - amulet of magic regeneration
HPRegen 0.29/turn                l - ring of willpower
MPRegen 0.51/turn                r - ring of wizardry

@: fiery-armoured, glowing
A: sense surroundings 1, otherworldly, glowing, explore regen
a: Renounce Religion, Fiery Armour, Foxfire Swarm, Rising Flame


You were on level 4 of the Dungeon.
You worshipped Ignis.
Ignis was extremely pleased with you.
You visited 1 branch of the dungeon, and saw 4 of its levels.

You collected 211 gold pieces.
You spent 120 gold pieces at shops.

Inventory:

Hand Weapons
 a - a +0 falchion of flaming (weapon)
Missiles
 e - a throwing net (quivered)
Armour
 b - a +0 robe
 i - a +0 scale mail (worn)
 n - a +2 helmet (worn)
Jewellery
 k - an amulet of magic regeneration (around neck)
 l - a ring of willpower (left hand)
 q - an amulet of faith
 r - a ring of wizardry (right hand)
Wands
 f - a wand of charming (8)
Scrolls
 c - 5 scrolls of identify
 m - a scroll of butterflies
 o - a scroll of enchant weapon
Potions
 d - 2 potions of might
 g - a potion of invisibility
 h - a potion of lignification
 j - a potion of brilliance {unknown}
 p - a potion of haste {unknown}
 s - a potion of berserk rage
 t - a potion of heal wounds


   Skills:
 * Level 5.1 Fighting
 * Level 5.5 Long Blades
 + Level 2.6 Dodging
 - Level 1.3 Spellcasting
 + Level 4.8 Fire Magic


You had 5 spell levels left.
You knew the following spells:

 Your Spells              Type           Power      Damage    Failure   Level
a - Scorch                Fire           30%        2d6       8%          2

Your spell library contained the following spells:

 Spells                   Type           Power      Damage    Failure   Level
 Apportation              Tloc           2%         N/A       32%         1
 Necrotise                Necr           4%         1d4       32%         1
 Summon Small Mammal      Summ           4%         N/A       32%         1


Dungeon Overview and Level Annotations

Branches:
Dungeon (4/15) Zot: 588
 Temple: D:4-7

Altars:
Cheibriados
Fedhas
Hepliaklqana
Wu Jian

Shops:
D:4 !

Annotations:
D:4 Pikel


Innate Abilities, Weirdness & Mutations

You passively map a small area around you.
You are easily found by Zot.
You glow in the dark.
You regain HP and MP as you explore.


Message History

The lemure is severely wounded.
The lemure hits you but does no damage.
The lemure is burned by your cloak of flames.
The lemure is severely wounded.
You hit the lemure but do no damage.
The lemure is severely wounded.
The lemure barely misses you.
You hit the lemure. You burn the lemure.
The lemure is severely wounded.
The lemure hits you.
The lemure is burned by your cloak of flames.
The lemure is almost dead.
You barely miss the lemure.
The lemure is almost dead.
The lemure barely misses you.
You barely miss the lemure.
The lemure is almost dead.
The lemure hits you but does no damage.
The lemure is burned by your cloak of flames.
You kill the lemure!
That felt strangely unrewarding.
You closely miss the lemure. You hit Pikel. You burn Pikel.
Pikel is lightly wounded.
You closely miss Pikel.
Pikel is lightly wounded.
Pikel hits you but does no damage.
You are electrocuted!!
* * * LOW HITPOINT WARNING * * *
You hit Pikel but do no damage.
Pikel is lightly wounded.
Pikel hits you with a +2 whip of electrocution.
* * * LOW HITPOINT WARNING * * *
Pikel is burned by your cloak of flames.
Pikel is lightly wounded.
You hit Pikel. You burn Pikel.
Pikel is moderately wounded.
Pikel hits you with a +2 whip of electrocution.
* * * LOW HITPOINT WARNING * * *
You are electrocuted!
You die...

**
.....##..##.....#..
.###. ##..#..###... *
#.* #....## ..# #.*
##...# .. # *
##..##....##... , ,
#............#
..####....##.##* *
,.** ##..## ..## # *
..# #@## #..##.###
*#..###K## #...#....
*#...5S5####.....$# *
##...gJ..##....# *,,
#.....#..g...#
##......##...## *
#..........#.## *
*..#..#.........####
..###..........>...##


You could see Pikel, 2 lemures, an adder, an endoplasm and a goblin.

Vanquished Creatures
  An ogre (D:3)
  A lemure (D:4)
  2 iguanas (D:4)
  3 gnolls (D:2)
  4 adders
  3 worms
  3 dart slugs
  An orc (D:4)
  9 bats
  9 endoplasms
  A giant cockroach (D:1)
  8 goblins
  4 hobgoblins
  A jackal (D:3)
  A kobold (D:1)
  3 quokkas
  10 ball pythons
  6 frilled lizards
  12 rats
82 creatures vanquished.

Vanquished Creatures (others)
  A gnoll (D:2)
1 creature vanquished.

Grand Total: 83 creatures vanquished

Notes
Turn   | Place    | Note
-------+----------+-------------------------------------------
     0 | D:1      | MrRokkomies the Meteoran Cinder Acolyte began the quest for
                  | the Orb.
     0 | D:1      | Reached XP level 1. HP: 19/19 MP: 3/3
    73 | D:1      | Reached XP level 2. HP: 15/26 MP: 5/5
   181 | D:1      | Reached XP level 3. HP: 30/31 MP: 6/6
   238 | D:1      | Reached skill level 1 in Dodging
   467 | D:2      | Reached XP level 4. HP: 40/40 MP: 7/7
   814 | D:2      | Reached XP level 5. HP: 11/46 MP: 8/8
   870 | D:2      | Learned a level 2 spell: Scorch
  1027 | D:3      | Noticed an ogre
  1033 | D:3      | Killed an ogre
  1034 | D:3      | Reached skill level 5 in Long Blades
  1034 | D:3      | Reached XP level 6. HP: 53/53 MP: 6/9
  1298 | D:3      | Found an ornate altar of the Wu Jian Council.
  1299 | D:3      | Found a hazy altar of Hepliaklqana.
  1299 | D:3      | Found a blossoming altar of Fedhas.
  1385 | D:3      | Found a snail-covered altar of Cheibriados.
  1484 | D:3      | Reached skill level 5 in Fighting
  1737 | D:4      | Found Rylympaq's Distillery.
  1760 | D:4      | Noticed Pikel
  1761 | D:4      | Bought a potion of berserk rage for 60 gold pieces
  1761 | D:4      | Bought a potion of heal wounds for 60 gold pieces
  1789 | D:4      | Mangled by Pikel

Illustrated notes

Levels and vault maps discovered:
D:1:      dpeg_arrival_shrine, layout_rooms, minmay_misc_feat_columns,
          minmay_octomino_j4
D:2:      layout_loops_ring, minmay_rat_hole
D:3:      layout_loops_ring, cheibriados_altar_1, grunt_temple_overflow_open,
          minmay_between
D:4:      layout_layer_cave, serial_shops, shop, nicolae_lakefront_shop,
          nicolae_shop_hallway_stairs, nicolae_shop_advertising_works
          [nicolae_subvault_shop_adworks], uniq_ijyb, uniq_pikel

Skill      XL: |  1  2  3  4  5  6 |
---------------+-------------------+-----
Long Blades    | 4 5 |  5.5
Dodging        | 1 2 |  2.6
Fire Magic     | 4 |  4.8
Fighting       | 4 5 |  5.1
Spellcasting   | |  1.3

Action                   |  1- 3 |  4- 6 || total
-------------------------+-------+-------++-------
Melee: Falchion          |   115 |   195 ||   310
       Punch             |     2 |     1 ||     3
Throw: Throwing net      |       |     1 ||     1
 Cast: Scorch            |       |     4 ||     4
Invok: Fiery Armour      |       |     2 ||     2
Evoke: Wand              |       |     2 ||     2
  Use: Scroll            |       |    10 ||    10
       Potion            |       |     1 ||     1
 Stab: Held in net/web   |       |     1 ||     1
Armor: Robe              |    25 |       ||    25
       Scale mail        |    20 |   108 ||   128
Dodge: Dodged            |    55 |   102 ||   157

Table legend: (Time is in decaauts)
 A = Elapsed time spent in this place.
 B = Non-inter-level travel time spent in this place.
 C = Inter-level travel time spent in this place.
 D = Time resting spent in this place.
 E = Time spent auto-exploring this place.
 F = Levels seen in this place.
 G = Mean time per level.
                   A        B        C        D        E       F      G
               +--------+--------+--------+--------+--------+-----+--------+
         Total |   1810 |   1789 |     21 |      0 |    806 |   4 |  452.5 |
       Dungeon |   1810 |   1789 |     21 |      0 |    806 |   4 |  452.5 |
               +--------+--------+--------+--------+--------+-----+--------+

Top non-repeatable levels by time:
     D:3: 621 daAuts
     D:2: 599 daAuts
     D:1: 444 daAuts
     D:4: 145 daAuts
